 Dungeon Crawl Stone Soup version 0.24.0-35-gdb84b6a5db (webtiles) character file.

Game seed: 10647698488850635388, levelgen mode: deterministic

735 Delamore the Cleaver (level 7, -2/57 HPs)
             Began as a Hill Orc Fighter on Nov 19, 2019.
             Slain by an ogre
             ... wielding a +0 giant spiked club
              (25 damage)
             ... on level 5 of the Dungeon.
             The game lasted 00:04:38 (3719 turns).

Delamore the Cleaver (Hill Orc Fighter)             Turns: 3719, Time: 00:04:38

Health: -2/57      AC:  5    Str: 25    XL:     7   Next: 74%
Magic:  0/7        EV:  8    Int:  8    God:
Gold:   231        SH:  9    Dex: 10    Spells: 6/6 levels left

rFire    . . .     SeeInvis .   z - +3 hand axe
rCold    . . .     Gourm    .   c - +0 shield
rNeg     . . .     Faith    .   y - +1 leather armour "Xugg" {MR+ Str+4} (curse)
rPois    .         Spirit   +   (no helmet)
rElec    .         Reflect  .   m - scarf {Spirit}
rCorr    .         Harm     .   p - +0 pair of gloves
MR       +....                  (no boots)
Stlth    +.........             (no amulet)
HPRegen  0.19/turn              (no ring)
MPRegen  0.10/turn              (no ring)

@: no status effects
A: no striking features
a: no special abilities


You were on level 5 of the Dungeon.
You were not hungry.

You visited 1 branch of the dungeon, and saw 5 of its levels.

You collected 231 gold pieces.

Inventory:

Hand Weapons
 a - a +0 war axe
 z - a +3 hand axe (weapon)
Missiles
 r - 7 atropa-tipped darts (quivered)
Armour
 b - a +0 scale mail
 c - a +0 shield (worn)
 i - a +0 cloak
 m - a scarf of spirit shield (worn)
 p - a +0 pair of gloves (worn)
 y - the cursed +1 leather armour "Xugg" (worn) {MR+ Str+4}
   (You found it on level 5 of the Dungeon)

   It affects your strength (+4).
   It affects your resistance to hostile enchantments.
   It has a curse placed upon it.
Jewellery
 t - an uncursed ring of magical power {unknown}
Scrolls
 e - 3 scrolls of remove curse {unknown}
 h - 3 scrolls of fear {unknown}
 j - 3 scrolls of enchant weapon {unknown}
 l - 3 scrolls of magic mapping {unknown}
 n - 4 scrolls of identify {unknown}
 o - a scroll of teleportation {unknown}
 q - 2 scrolls of fog {unknown}
 v - a scroll of immolation {unknown}
 x - a scroll of amnesia {unknown}
Potions
 d - a potion of might
 g - 2 potions of heal wounds {unknown}
 k - a potion of curing {unknown}
 s - 2 potions of flight {unknown}
 u - a potion of magic {unknown}
 w - a potion of berserk rage {unknown}
 B - a potion of invisibility {unknown}
Comestibles
 f - 9 rations
 A - 8 chunks of flesh


   Skills:
 - Level 3.6 Fighting
 + Level 11.0 Axes
 - Level 3.2 Armour
 - Level 3.2 Shields


You had 6 spell levels left.
You didn't know any spells.
Your spell library contained the following spells:

 Spells                   Type           Power        Failure   Level  Hunger
 Magic Dart               Conj           #...         92%         1    ##.....
 Blink                    Tloc           N/A          98%         2    ###....
 Call Imp                 Summ           #.......     98%         2    ###....
 Slow                     Hex            #.......     98%         2    ###....
 Conjure Flame            Conj/Fire      #.......     100%        3    ####...
 Mephitic Cloud           Conj/Pois/Air  #.......     100%        3    ####...


Dungeon Overview and Level Annotations

Branches:
Dungeon (5/15)
 Temple: D:4-7

Altars:
Dithmenos
Makhleb
Xom
Yredelemnul


Message History

You closely miss the hound.
The hound is heavily wounded.
You hit the ogre. The hound barely misses you. The hound bites you.
You hit the ogre.
The ogre is heavily wounded.
You hit the hound.
The ogre hits you with a +0 giant spiked club!!
The hound barely misses you.
You are too injured to fight recklessly!
You are too injured to fight recklessly!
You are too injured to fight recklessly!
There are monsters nearby!
You are too injured to fight recklessly!
Unknown command.
You hit the ogre.
The ogre is severely wounded.
Your shield prevents you from hitting the hound.
The hound bites you.
The ogre hits you with a +0 giant spiked club!!
You die...

..##...#..........##
####...#...........#
..#....##<...##....#
..#....########....#
..#..........#.....#
..#..§#§#....#....!#
..#.§#§§§#§§§#.....#
..#.#§#§#.#..#....##
..#.§§._§§§.§#..@h#
..#.#.#.#.#..#..O>......
..#.<#§§§######...##....
..#...#§#....##...# ...
..#..).....).#....# ##
####...##....#....#
#########....#....#
.............#....#
.............#


You could see an ogre and a hound.

Vanquished Creatures
  An ice beast (D:5)
  A phantom (D:5)
  An ogre (D:4)
  A scorpion (D:5)
  A howler monkey (D:5)
  A hound (D:4)
  An orc wizard (D:5)
  A centaur skeleton (D:5)
  2 worker ants
  Natasha (thrice) (D:3)
  A hound skeleton (D:4)
  2 gnolls (D:1)
  A howler monkey skeleton (D:5)
  6 adders
  A dart slug (D:3)
  2 leopard geckos
  9 orcs
  3 giant cockroaches
  8 hobgoblins
  6 jackals
  2 quokkas
  2 ball pythons
  7 bats
  5 frilled lizards
  8 goblins
  6 kobolds
  A quokka zombie (D:5)
  8 rats
91 creatures vanquished.

Notes
Turn   | Place    | Note
-------+----------+-------------------------------------------
     0 | D:1      | Delamore the Hill Orc Fighter began the quest for the Orb.
     0 | D:1      | Reached XP level 1. HP: 19/19 MP: 1/1
    72 | D:1      | Reached skill level 3 in Axes
   143 | D:1      | Reached XP level 2. HP: 23/26 MP: 2/2
   187 | D:1      | You fall into a shaft and drop 1 floor!
   287 | D:2      | Reached skill level 4 in Axes
   355 | D:2      | Reached XP level 3. HP: 16/31 MP: 3/3
   688 | D:2      | Reached skill level 5 in Axes
   739 | D:1      | Reached XP level 4. HP: 29/39 MP: 4/4
  1001 | D:2      | Reached skill level 6 in Axes
  1204 | D:2      | Found a shimmering altar of Xom.
  1208 | D:2      | Found a burning altar of Makhleb.
  1787 | D:3      | Reached XP level 5. HP: 38/45 MP: 5/5
  1947 | D:3      | Noticed Natasha
  1953 | D:3      | Killed Natasha
  1953 | D:3      | Reached skill level 7 in Axes
  2055 | D:3      | Noticed Natasha
  2061 | D:3      | Killed Natasha
  2078 | D:3      | Noticed Natasha
  2090 | D:3      | Killed Natasha
  2352 | D:4      | Noticed an ogre
  2358 | D:4      | Killed an ogre
  2358 | D:4      | Reached skill level 8 in Axes
  2358 | D:4      | Reached XP level 6. HP: 48/51 MP: 6/6
  2585 | D:4      | Reached skill level 9 in Axes
  2891 | D:4      | Found a basalt altar of Yredelemnul.
  2965 | D:5      | Entered Level 5 of the Dungeon
  3032 | D:5      | Noticed an ice beast
  3049 | D:5      | Killed an ice beast
  3049 | D:5      | Reached XP level 7. HP: 39/57 MP: 4/7
  3163 | D:5      | Got a dazzling leather armour
  3174 | D:5      | Identified the cursed +1 leather armour "Xugg" {MR+ Str+4}
                  | (You found it on level 5 of the Dungeon)
  3217 | D:5      | Reached skill level 10 in Axes
  3665 | D:5      | Found a shadowy altar of Dithmenos.
  3704 | D:5      | Reached skill level 11 in Axes
  3719 | D:5      | Slain by an ogre

Levels and vault maps discovered:
D:1:      wheals_arrival_shading, layout_rooms, minmay_indecisive_spiral
D:2:      layout_loops_ring, minitemple, first_ration
D:3:      layout_rooms, kennysheep_nondescript, uniq_natasha
D:4:      layout_loops_ring, yredelemnul_altar_generic
D:5:      layout_gridville, overflow_temple_1_default,
          lemuel_coloured_pillars_altar, roderic_lattice_a,
          grunt_dithmenos_smoke_and_mirrors

Skill      XL: |  1  2  3  4  5  6  7 |
---------------+----------------------+-----
Axes           | 3 4 5 6 8 9 11 | 11.0
Fighting       | |  3.6
Armour         | |  3.2
Shields        | |  3.2

Action                   |  1- 3 |  4- 6 |  7- 9 || total
-------------------------+-------+-------+-------++-------
Melee: War axe           |    81 |   177 |    25 ||   283
       Hand axe          |       |       |    47 ||    47
  Eat: Chunk             |       |     6 |     3 ||     9
Armor: Scale mail        |    38 |    71 |     1 ||   110
       Leather armour    |       |       |     8 ||     8
Dodge: Dodged            |    28 |    38 |    16 ||    82
Block: Shield            |    39 |    97 |    28 ||   164
